 Dungeon Crawl Stone Soup version 0.20-a0-1109-ge3cd172 (webtiles) character file.

3556 urechis the Cleaver (level 10, 0/93 HPs)
             Began as a Hill Orc Berserker on May 5, 2017.
             Was a High Priest of Trog.
             Slain by Gastronok (6 damage)
             ... on level 9 of the Dungeon.
             The game lasted 00:11:15 (8450 turns).

urechis the Cleaver (Hill Orc Berserker)            Turns: 8450, Time: 00:11:15

Health: 0/93       AC:  5    Str: 21    XL:     10   Next: 9%
Magic:  10/10      EV: 14    Int:  9    God:    Trog [*****.]
Gold:   551        SH:  0    Dex: 16    Spells: 9/9 levels left

rFire    + . .     SeeInvis .   k - +0 battleaxe
rCold    . . .     Gourm    .   (shield currently unavailable)
rNeg     . . .     Faith    +   b - +0 animal skin
rPois    .         Spirit   .   (helmet restricted)
rElec    .         Reflect  .   m - scarf {cloud immunity}
rCorr    .         Harm     .   h - +2 pair of gloves {Dex+3}
MR       .....                  (no boots)
Stlth    +.........             g - amulet of faith
Regen    0.3/turn               p - ring of protection from cold
MPRegen  0.2/turn               B - ring of fire

@: slowed, very slow
A: antennae 1, repulsion field 1, clever 1
a: Berserk, Trog's Hand, Brothers in Arms, Burn Spellbooks, Renounce Religion


You were on level 9 of the Dungeon.
You worshipped Trog.
Trog was extremely pleased with you.
You were near starving.

You visited 1 branch of the dungeon, and saw 9 of its levels.

You collected 551 gold pieces.

Inventory:

Hand Weapons
 k - a +0 battleaxe (weapon)
Armour
 b - a +0 animal skin (worn)
 h - a +2 pair of gloves of dexterity (worn)
 m - a scarf of cloud immunity (worn)
Jewellery
 g - an amulet of faith (around neck)
 n - a cursed ring of fire
 p - a ring of protection from cold (left hand)
 B - a ring of fire (right hand)
 C - an uncursed amulet of regeneration
Wands
 f - a wand of acid (7/15)
 u - a wand of acid (4/15)
Scrolls
 d - a scroll of immolation {unknown}
 i - 2 scrolls of enchant armour
 l - a scroll of magic mapping {unknown}
 o - 8 scrolls of remove curse
 r - 3 scrolls of enchant weapon
 s - 3 scrolls of teleportation
 w - 5 scrolls of recharging
 G - a scroll of identify
Potions
 e - a potion of cancellation {unknown}
 q - 5 potions of curing
 t - a potion of magic {unknown}
 x - 2 potions of brilliance {unknown}
 z - 2 potions of mutation
 A - a potion of agility {unknown}
 E - a potion of degeneration {unknown}
Books
 a - a book of Maledictions

   Spells                             Type                      Level
   a - Corona                         Hexes                        1
   b - Ensorcelled Hibernation        Hexes/Ice                    2
   c - Confuse                        Hexes                        3
   d - Tukima's Dance                 Hexes                        3
   e - Dazzling Spray                 Conjuration/Hexes            3
   Trog disapproves of the use of such an item.
Comestibles
 c - 11 bread rations
 j - 3 royal jellies
 v - 6 meat rations


   Skills:
 - Level 10.0 Fighting
 + Level 13.2 Axes
 + Level 7.0 Armour
 - Level 1.5 Dodging


You had 9 spell levels left.
You didn't know any spells.

Dungeon Overview and Level Annotations

Branches:
Dungeon (9/15)             Temple (0/1) D:6
   Lair: D:8-11         Orc: D:9-12

Altars:
Gozag
Hepliaklqana
Kikubaaqudgha
Makhleb
Okawaru
Ru
Trog
Vehumet
Xom
Yredelemnul
Zin

Shops:
D:7 (

Annotations:
D:9 Gastronok


Innate Abilities, Weirdness & Mutations

You have a pair of small antennae on your head.
You are surrounded by a mild repulsion field. (EV +2)
Your mind is acute. (Int +2)


Message History

* * * LOW HITPOINT WARNING * * *
2 orcs come into view.
The orc shouts!
You slash Gastronok!
Gastronok is lightly wounded.
You are no longer berserk.
You are exhausted.
You feel yourself slow down.
You slice Gastronok!!
Gastronok is moderately wounded.
Gastronok closely misses you.
You hit Gastronok but do no damage.
Gastronok is moderately wounded.
Gastronok bites you!!
* * * LOW HITPOINT WARNING * * *
An orc comes into view. It is wielding a hand axe.
You slash Gastronok!
Gastronok is moderately wounded.
Gastronok bites you.
You die...

........#)....#....
#########.....# ...
...........####...$
...................
...................
................<..
...................
###......).........
#.....@#########.
#####.w# +.o# #..#
#..# #oo. #o.. #...


You could see Gastronok and 4 orcs.

Vanquished Creatures
  A two-headed ogre (D:9)
  The ghost of graki42 the Ruffian, a novice DrTm of Cheibriados (D:5)
  A hippogriff (D:8)
  The ghost of urechis the Chopper, an amateur HOBe of Trog (D:3)
  An eye of draining (D:3)
  2 sky beasts
  An ogre (D:8)
  A black bear (D:8)
  An orc warrior (D:7)
  A phantom (D:4)
  3 ice beasts
  A bullfrog (D:8)
  A gnoll sergeant (D:5)
  4 scorpions
  3 killer bees (D:7)
  3 howler monkeys (D:9)
  A bullfrog zombie (D:7)
  2 crimson imps (D:8)
  3 hounds
  3 jellies
  A centaur zombie (D:7)
  A centaur skeleton (D:8)
  2 orc priests
  An iguana (D:4)
  An orc wizard (D:5)
  2 worker ants (D:5)
  A hound zombie (D:9)
  7 gnolls
  12 adders
  A shadow imp (D:7)
  An ooze (D:4)
  2 adder skeletons
  4 worms
  7 leopard geckos
  16 orcs
  6 ball pythons
  7 bats
  9 giant cockroaches
  7 goblins
  10 hobgoblins
  8 jackals
  4 kobolds
  4 quokkas
  7 frilled lizards
  A leopard gecko skeleton (D:8)
  8 rats
165 creatures vanquished.

Vanquished Creatures (others)
  A wizard (D:8)
1 creature vanquished.

Grand Total: 166 creatures vanquished

Notes
Turn   | Place    | Note
-------+----------+-------------------------------------------
     0 | D:1      | urechis the Hill Orc Berserker began the quest for the Orb.
     0 | D:1      | Reached XP level 1. HP: 19/19 MP: 1/1
   313 | D:1      | Reached XP level 2. HP: 27/27 MP: 2/2
   399 | D:1      | Reached ** piety under Trog
   622 | D:1      | Reached XP level 3. HP: 24/33 MP: 3/3
  1070 | D:1      | Reached skill level 5 in Axes
  1250 | D:2      | Noticed an angel
  1251 | D:2      | Found a glowing silver altar of Zin.
  1323 | D:2      | Found an ancient bone altar of Kikubaaqudgha.
  1401 | D:2      | Reached XP level 4. HP: 41/41 MP: 4/4
  1413 | D:2      | Found a faded altar of an unknown god.
  1556 | D:2      | Reached skill level 5 in Fighting
  1762 | D:2      | Reached *** piety under Trog
  1823 | D:2      | Found a shimmering altar of Xom.
  2119 | D:3      | Found an opulent altar of Gozag.
  2391 | D:3      | Noticed urechis's ghost (amateur HOBe)
  2400 | D:3      | Reached XP level 5. HP: 48/48 MP: 5/5
  2410 | D:3      | Killed urechis's ghost
  2410 | D:3      | Reached skill level 6 in Axes
  2410 | D:3      | Reached XP level 6. HP: 53/57 MP: 6/6
  2414 | D:3      | Reached skill level 7 in Axes
  2420 | D:3      | Noticed an eye of draining
  2422 | D:3      | Gained mutation: Your mind is acute. (Int +2) [potion of mutation]
  2422 | D:3      | Gained mutation: You have a pair of small antennae on your head. [potion of mutation]
  2422 | D:3      | Gained mutation: You are surrounded by a mild repulsion field. (EV +2) [potion of mutation]
  2423 | D:3      | HP: 1/58 [gnoll/halberd (9)]
  2450 | D:3      | Killed an eye of draining
  3145 | D:3      | Reached XP level 7. HP: 44/66 MP: 7/7
  3269 | D:3      | Found a sacrificial altar of Ru.
  3357 | D:4      | Reached skill level 8 in Axes
  3483 | D:4      | Reached **** piety under Trog
  3897 | D:4      | Found a bloodstained altar of Trog.
  4052 | D:4      | Found a radiant altar of Vehumet.
  4108 | D:5      | Entered Level 5 of the Dungeon
  4267 | D:5      | Reached skill level 9 in Axes
  4579 | D:5      | Reached XP level 8. HP: 74/74 MP: 8/8
  4591 | D:5      | Noticed graki42's ghost (novice DrTm)
  4657 | D:5      | Killed graki42's ghost
  4657 | D:5      | Reached skill level 10 in Axes
  5354 | D:5      | Reached ***** piety under Trog
  5369 | D:5      | Found a hazy altar of Hepliaklqana.
  5570 | D:6      | Found a glowing silver altar of Zin.
  5750 | D:6      | Found a staircase to the Ecumenical Temple.
  5969 | D:6      | You fall through a shaft for 2 floors!
  6010 | D:8      | Reached skill level 11 in Axes
  6126 | D:8      | Reached XP level 9. HP: 80/85 MP: 9/9
  6130 | D:8      | Reached skill level 10 in Fighting
  6289 | D:7      | Found an iron altar of Okawaru.
  6551 | D:7      | Found a burning altar of Makhleb.
  6612 | D:7      | Received a gift from Trog
  6984 | D:7      | Found Pueco's Antique Weapon Shop.
  7168 | D:7      | Reached skill level 12 in Axes
  7717 | D:8      | Found a bloodstained altar of Trog.
  7718 | D:8      | Noticed a wizard
  7724 | D:8      | Killed a wizard
  7776 | D:8      | Reached skill level 5 in Armour
  8336 | D:8      | Found a basalt altar of Yredelemnul.
  8409 | D:9      | Found an iron altar of Okawaru.
  8433 | D:9      | Noticed a two-headed ogre
  8444 | D:9      | Noticed Gastronok
  8444 | D:9      | Killed a two-headed ogre
  8444 | D:9      | Reached skill level 13 in Axes
  8444 | D:9      | Reached XP level 10. HP: 78/93 MP: 10/10
  8450 | D:9      | Slain by Gastronok

Vault maps used:
D:1:      minmay_arrival_four_houses, chequers_big_river,
          kennysheep_pointless_box, minmay_pentomino_w4
D:2:      nicolae_overflow_crystal_walls, tgw_xom, zin_angel,
          chequers_ecumenical_altar_simple_redux, minmay_close_crescents
D:3:      marbit_many_paths, grunt_gozag_statues
D:4:      lemuel_crystal_altar, kennysheep_little_box
D:5:      overflow_temple_1_default, first_bread, lemuel_flame_loot_1
D:6:      minmay_temple_entry_purple_smoke, basic_altar, nicolae_sextant,
          serial_park_tiny_2
D:7:      basic_altar, serial_shops, nicolae_shop_statue_plus, lemuel_tele_altar
D:8:      yredelemnul_altar_generic, grunt_ogre_cave, trog_wizard
D:9:      okawaru_ov_weapons_minmay, uniq_gastronok

Skill      XL: |  1  2  3  4  5  6  7  8  9 |
---------------+----------------------------+-----
Fighting       | 4 5 6 7 8 9 10 | 10.0
Axes           | 5 6 7 9 11 13 | 13.2
Armour         | 7 |  7.0
Dodging        | |  1.5

Action                   |  1- 3 |  4- 6 |  7- 9 | 10-12 || total
-------------------------+-------+-------+-------+-------++-------
Melee: Hand axe          |    92 |   159 |     7 |       ||   258
       Battleaxe         |       |       |   266 |     4 ||   270
Invok: Berserk           |     1 |     1 |     6 |       ||     8
  Use: Potion            |       |     1 |       |       ||     1
       Scroll            |       |       |     8 |       ||     8
 Stab: Sleeping          |     1 |       |     4 |       ||     5
  Eat: Chunk             |     3 |     6 |    15 |       ||    24
       Fruit             |       |       |     6 |       ||     6
Armor: Animal skin       |    29 |    45 |    78 |       ||   152
Dodge: Dodged            |    70 |    86 |   201 |     1 ||   358
